 Dungeon Crawl Stone Soup version 0.31-a0-426-g3a05650e59 (webtiles) character file.

Game seed: 15475219907328352854

424 randomguy2701 the Chopper (level 6, 0/56 HPs)
             Began as a Minotaur Fighter on July 30, 2023.
             Killed by nerve-wracking pain
             ... invoked by Grinder
              (11 damage)
             ... on level 3 of the Dungeon.
             The game lasted 00:03:54 (2238 turns).

randomguy2701 the Chopper (Minotaur Fighter)        Turns: 2238, Time: 00:03:55

Health: 0/56       AC:  9    Str: 21    XL:     6   Next: 64%
Magic:  5/5        EV:  8    Int:  5    God:
Gold:   104        SH:  5    Dex: 11    Spells: 5/5 levels left

rFire   . . .        a - +0 war axe
rCold   . . .        c - +0 buckler
rNeg    . . .        l - +0 chain mail
rPois   .            (helmet restricted)
rElec   .            (no cloak)
rCorr   .            (no gloves)
SInv    .            (no boots)
Will    .....        (no amulet) Stlth
                     (no ring)
HPRegen 0.29/turn    (no ring)
MPRegen 0.09/turn

%: no passive effects
@: no status effects
A: horns 2, retaliatory headbutt
a: no special abilities


You were on level 3 of the Dungeon.
You visited 1 branch of the dungeon, and saw 3 of its levels.

You collected 104 gold pieces.

Inventory:

Hand Weapons
 a - a +0 war axe (weapon)
Armour
 b - a +0 scale mail
 c - a +0 buckler (worn)
 l - a +0 chain mail (worn)
Scrolls
 f - a scroll of identify
 g - a scroll of teleportation {unknown}
 i - a scroll of acquirement {unknown}
 k - a scroll of noise {unknown}
Potions
 d - 2 potions of might
 e - a potion of enlightenment
 h - a potion of berserk rage
 j - a potion of attraction {unknown}
 m - a potion of lignification {unknown}


   Skills:
 + Level 5.3 Fighting
 + Level 5.8 Axes
 + Level 5.0 Armour
 + Level 1.3 Dodging
 + Level 4.7 Shields


You had 5 spell levels left.
You didn't know any spells.
Your spell library contained the following spells:

 Spells                   Type           Power      Damage    Failure   Level
 Apportation              Tloc           0%         N/A       99%         1
 Necrotise                Necr           0%         1d4       99%         1
 Summon Small Mammal      Summ           0%         N/A       99%         1
 Cigotuvi's Dreadful Rot  Necr/Pois/Air  0%         N/A       99%         2
 Lesser Beckoning         Tloc           0%         N/A       99%         2
 Gell's Gravitas          Tloc           0%         N/A       100%        3
 Teleport Other           Tloc           0%         N/A       100%        3
 Dispel Undead            Necr           0%         3d6       100%        4
 Death Channel            Necr           0%         N/A       100%        6


Dungeon Overview and Level Annotations

Branches:
Dungeon (3/15)

Altars:
Gozag

Shops:
D:2 [

Annotations:
D:3 Grinder


Innate Abilities, Weirdness & Mutations

You have a pair of horns on your head.
You reflexively headbutt those who attack you in melee.


Message History

The rat is severely wounded.
The rat bites you but does no damage.
You slash the rat!
You kill the rat!
Grinder is nearby!
You block Grinder's attack.
Grinder is nearby!
You hit Grinder.
Grinder is severely wounded.
Grinder blinks!
Grinder is nearby!
You barely miss Grinder.
Grinder is severely wounded.
Grinder completely misses you. Grinder hits you!
You writhe in agony.
Grinder is nearby!
You hit Grinder but do no damage.
Grinder is severely wounded.
Grinder says, "You look like you could use a good racking."
Grinder gestures at you. Pain shoots through your body!
Grinder is nearby!
You are too injured to fight recklessly!
Grinder is nearby!
You are too injured to fight recklessly!
Grinder is nearby!
You are too injured to fight recklessly!
You completely miss Grinder.
Grinder is severely wounded.
Grinder barely misses you.
You hit Grinder.
Grinder is almost dead.
Grinder hits you.
* * * LOW HITPOINT WARNING * * *
You writhe in agony.
* * * LOW HITPOINT WARNING * * *
You hit Grinder.
Grinder is almost dead.
Grinder gestures at you. Pain shoots through your body!
You die...

.. .# ..# #######.###
... #.........# ≈≈≈
#.........## ...
#..........## .#.#
#...........# .#..
#.........# .#._
#....5@...# ....#..
#.####....# ..≈.### #..
#....# #.≈.... .. #....#
#.≈≈≈≈≈ ##.# #....#
#...... #.. #....#
##..... #.# #....#
..>....
########.#######....####
####...
............†...........
..P....


You could see Grinder.

Vanquished Creatures
  Sigmund (D:2)
  2 hounds (D:3)
  Jessica (D:3)
  Natasha (D:3)
  3 gnolls (D:2)
  3 adders (D:2)
  A worm (D:2)
  4 dart slugs
  2 orcs (D:3)
  5 endoplasms
  7 goblins
  5 hobgoblins
  21 jackals
  3 kobolds
  4 quokkas
  6 ball pythons
  4 bats
  3 frilled lizards
  9 rats
85 creatures vanquished.

Notes
Turn   | Place    | Note
-------+----------+-------------------------------------------
     0 | D:1      | randomguy2701 the Minotaur Fighter began the quest for the
                  | Orb.
     0 | D:1      | Reached XP level 1. HP: 19/19 MP: 0/0
   102 | D:1      | Reached XP level 2. HP: 27/27 MP: 1/1
   485 | D:1      | Reached XP level 3. HP: 33/33 MP: 2/2
  1000 | D:2      | Reached XP level 4. HP: 36/41 MP: 3/3
  1224 | D:2      | Noticed Sigmund
  1241 | D:2      | Killed Sigmund
  1242 | D:2      | Reached skill level 5 in Axes
  1242 | D:2      | Reached skill level 1 in Dodging
  1242 | D:2      | Reached XP level 5. HP: 27/47 MP: 4/4
  1242 | D:2      | Reached XP level 6. HP: 30/53 MP: 5/5
  1372 | D:2      | Found Ofim's Antique Armour Shoppe.
  1991 | D:3      | Found an opulent altar of Gozag.
  2031 | D:3      | Noticed Natasha
  2050 | D:3      | Reached skill level 5 in Armour
  2054 | D:3      | Killed Natasha
  2055 | D:3      | Reached skill level 5 in Fighting
  2180 | D:3      | Noticed Jessica
  2187 | D:3      | Killed Jessica
  2226 | D:3      | Noticed Grinder
  2238 | D:3      | Killed from afar by Grinder

Illustrated notes

Levels and vault maps discovered:
D:1:      minmay_arrival_five_plusses, layout_loops_ring, nrook_mini_backslash,
          roderic_lattice_a, minmay_heptomino_o4
D:2:      layout_loops_ring, serial_shops, nicolae_shop_trees, uniq_sigmund
D:3:      lemuel_castle_with_subvaults [lemuel_castle_interior_carwin_2],
          layout_basic, mainiacjoe_overflow_brackets, lemuel_crystal_altar,
          minivault_14, uniq_natasha, uniq_jessica, uniq_grinder

Skill      XL: |  1  2  3  4  5  6 |
---------------+-------------------+-----
Fighting       | 4 5 |  5.3
Armour         | 4 5 |  5.0
Shields        | 4 |  4.7
Axes           | 3 5 |  5.8
Dodging        | 1 |  1.3

Action                     |  1- 3 |  4- 6 || total
---------------------------+-------+-------++-------
  Melee: War axe           |    83 |   100 ||   183
         Headbutt          |     9 |    11 ||    20
    Use: Scroll            |     2 |       ||     2
 Armour: Scale mail        |    44 |    14 ||    58
         Chain mail        |       |    36 ||    36
  Dodge: Dodged            |    44 |    54 ||    98
  Block: Buckler           |    11 |    29 ||    40

Table legend: (Time is in decaauts)
 A = Elapsed time spent in this place.
 B = Non-inter-level travel time spent in this place.
 C = Inter-level travel time spent in this place.
 D = Time resting spent in this place.
 E = Time spent auto-exploring this place.
 F = Levels seen in this place.
 G = Mean time per level.
                   A        B        C        D        E       F      G
               +--------+--------+--------+--------+--------+-----+--------+
         Total |   2303 |   2184 |    119 |     81 |   1637 |   3 |  767.7 |
       Dungeon |   2303 |   2184 |    119 |     81 |   1637 |   3 |  767.7 |
               +--------+--------+--------+--------+--------+-----+--------+

Top non-repeatable levels by time:
     D:2: 1013 daAuts
     D:1: 912 daAuts
     D:3: 377 daAuts
